Map: Terraform LE (Void)

Players

RayReign

  • Race: Protoss Protoss
  • League: Diamond

NoRegreT - Winner!

  • Race: Zerg Zerg
  • League: Diamond

Event: ASL Season 5 Prime League LOTV Beta

VOD

Have the link to the VOD?

Description

Time

  • Played on: Sept. 22, 2015, 7:47 p.m.
  • Length: 11:56

All games in this series

Show
View Real Time Build Order
Export as new Build Order

RayReign Protoss 

Build Orders: 1 Gate Expand 

Get SALT Encoding   

  12  0:00  Probe (Chrono Boost)  
  13  0:10  Probe (Chrono Boost)  
  14  0:22  Probe (Chrono Boost)  
  14  0:23  Pylon  
  15  0:41  Probe (Chrono Boost)  
  16  0:43  Gateway  
  16  0:51  Probe (Chrono Boost)  
  17  1:01  Probe (Chrono Boost)  
  17  1:04  Assimilator  
  18  1:11  Probe (Chrono Boost)  
  19  1:26  Nexus  
  19  1:29  Zealot (Chrono Boost)  
  21  1:35  Cybernetics Core  
  21  1:37  Probe  
  22  1:46  Assimilator  
  22  1:48  Assimilator  
  22  1:49  Probe  
  23  1:58  Pylon  
  23  2:16  Probe  
  23  2:18  Adept (Chrono Boost)  
  26  2:27  Warp Gate  
  26  2:28  Probe  
  27  2:40  Probe  
  27  2:44  Probe  
  29  2:52  Probe  
  29  2:54  Probe  
  29  3:00  Adept (Chrono Boost), Pylon  
  29  3:03  Probe  
  29  3:04  Mothership Core  
  34  3:16  Probe  
  34  3:23  Adept (Chrono Boost)  
  34  3:26  Probe x2, Stargate  
  36  3:34  Gateway  
  36  3:36  Gateway  
  36  3:37  Probe (Chrono Boost)  
  36  3:40  Probe (Chrono Boost)  
  38  3:47  Stalker, Probe (Chrono Boost)  
  41  3:52  Probe (Chrono Boost)  
  42  3:57  Probe (Chrono Boost)  
  42  3:59  Forge  
  43  4:02  Probe (Chrono Boost)  
  43  4:05  Pylon  
  43  4:07  Probe (Chrono Boost)  
  45  4:10  Oracle (Chrono Boost)  
  45  4:11  Probe (Chrono Boost)  
  49  4:19  Probe  
  49  4:20  Probe  
  49  4:24  Assimilator  
  51  4:25  Assimilator  
  51  4:30  Probe  
  51  4:31  Probe  
  52  4:34  Sentry  
  52  4:35  Sentry  
  52  4:38  Pylon  
  57  4:40  Pylon  
  57  4:42  Probe  
  57  4:43  Probe  
  59  4:54  Probe, Twilight Council  
  59  4:55  Probe  
  59  4:57  Adept  
  59  4:58  Adept  
  65  5:05  Probe  
  65  5:07  Probe  
  65  5:10  Blink (Chrono Boost)  
  67  5:15  Probe  
  67  5:19  Probe  
  67  5:20  Nexus  
  69  5:24  Protoss Ground Weapons Level 1 (Chrono Boost)  
  69  5:25  Pylon  
  69  5:27  Pylon  
  66  5:30  Robotics Facility  
  66  5:46  Probe x2  
  68  5:52  Adept x2  
  68  5:53  Adept  
  74  6:01  Probe  
  71  6:04  Photon Cannon  
  71  6:09  Gateway  
  69  6:12  Gateway  
  69  6:13  Stalker x2  
  72  6:20  Adept, Warp Prism (Chrono Boost)  
  72  6:24  Probe x2  
  78  6:38  Sentry x2  
  78  6:39  Gateway  
  82  6:41  Gateway  
  82  6:46  Sentry  
  84  6:47  Probe x3  
  87  6:54  Observer (Chrono Boost)  
  87  6:59  Probe, Pylon  
  89  7:06  Stalker x2  
  93  7:13  Immortal (Chrono Boost)  
  94  7:17  Protoss Ground Weapons Level 2  
  94  7:19  Stalker  
  94  7:24  Pylon x2  
  94  7:25  Pylon  
  93  7:30  Stalker x2  
  87  7:40  Stalker x2  
  83  7:46  Stalker  
  83  7:49  Stalker x2  
  79  7:58  Stalker x2  
  79  8:00  Immortal (Chrono Boost)  
  79  8:05  Adept x2  
  79  8:16  Stalker x3  
  80  8:25  Adept  
  80  8:26  Adept x2  
  75  8:34  Probe x2  
  70  8:37  Adept x2  
  70  8:38  Immortal (Chrono Boost)  
  73  8:43  Pylon  
  73  8:45  Pylon  
  73  8:47  Adept x2  
  76  8:52  Sentry  
  78  8:55  Pylon  
  78  8:57  Pylon  
  78  9:03  Adept x4  
  84  9:14  Immortal (Chrono Boost)  
  84  9:17  Adept  
  84  9:21  Adept  
  76  9:29  Adept  
  76  9:30  Adept x2  
  66  9:40  Adept x2  
  60  9:50  Immortal (Chrono Boost)  
  64  9:58  Stalker  
  66  10:00  Stalker  
  66  10:04  Stalker  
  66  10:07  Sentry  
  72  10:08  Shield Upgrade  
  72  10:11  Adept  
  74  10:23  Stalker x2  
  76  10:34  Zealot  
  76  10:35  Zealot  
  70  10:36  Zealot  
  66  10:44  Cybernetics Core  
  60  10:52  Immortal (Chrono Boost)  
  64  10:58  Zealot  
  64  10:59  Zealot  
  64  11:01  Zealot  
  70  11:09  Zealot x2  
  60  11:18  Zealot  
  60  11:19  Zealot  
  60  11:23  Mothership Core  
  58  11:31  Zealot  
Show
View Real Time Build Order
Export as new Build Order

NoRegreT Zerg - Winner!

Build Orders: 3 Hatch before Pool 

Get SALT Encoding   

  12  0:02  Drone  
  13  0:08  Drone  
  14  0:20  Extractor x2  
  14  0:21  Drone x2  
  16  0:29  Overlord  
  16  0:48  Hatchery  
  15  0:51  Drone  
  15  0:54  Drone  
  17  0:58  Drone  
  18  1:21  Hatchery  
  18  1:24  Drone  
  18  1:25  Drone  
  19  1:37  Extractor  
  18  1:40  Spawning Pool  
  18  1:41  Drone  
  18  1:45  Drone  
  19  1:49  Drone  
  20  2:04  Drone  
  20  2:06  Drone  
  22  2:13  Drone x2  
  24  2:30  Zergling x2  
  24  2:31  Zergling x2, Queen  
  24  2:32  Queen  
  24  2:35  Queen  
  31  2:58  Metabolic Boost  
  30  3:01  Drone x4  
  33  3:20  Drone  
  33  3:21  Spore Crawler  
  33  3:25  Overlord  
  34  3:29  Overlord  
  34  3:36  Roach Warren  
  34  3:37  Drone  
  34  3:44  Drone x4  
  34  3:45  Drone x4  
  42  3:50  Drone x2  
  42  3:51  Drone  
  42  3:55  Drone x2  
  46  3:56  Drone  
  46  4:01  Drone x2  
  50  4:07  Overlord  
  50  4:08  Extractor  
  49  4:10  Extractor  
  49  4:12  Lair  
  49  4:16  Drone x2  
  50  4:20  Extractor  
  50  4:21  Drone  
  50  4:22  Overlord  
  50  4:29  Overlord  
  50  4:30  Overlord  
  50  4:46  Drone x3  
  50  4:47  Drone x4  
  50  4:48  Roach x2  
  50  4:49  Roach x2  
  65  4:58  Drone x4  
  68  5:01  Roach  
  68  5:02  Evolution Chamber  
  68  5:05  Roach x2  
  73  5:08  Overlord  
  70  5:14  Spore Crawler  
  70  5:15  Spore Crawler  
  70  5:20  Drone  
  70  5:21  Drone  
  69  5:23  Spore Crawler  
  68  5:29  Roach x3  
  68  5:32  Glial Reconstitution  
  68  5:34  Drone  
  75  5:37  Drone x2  
  75  5:42  Ravager x4  
  80  5:45  Zergling x4  
  82  5:51  Overlord  
  82  5:59  Zergling x4  
  82  6:00  Zergling x2  
  82  6:03  Zergling x6  
  82  6:04  Overlord  
  86  6:11  Roach x2  
  86  6:12  Roach x2  
  86  6:14  Overlord  
  90  6:19  Overlord  
  90  6:22  Overlord  
  90  6:24  Roach  
  90  6:25  Roach x3  
  98  6:27  Overlord  
  98  6:32  Hydralisk Den, Zergling x2  
  98  6:35  Roach x3  
  98  6:36  Roach  
  98  6:39  Zergling x4  
  110  6:47  Roach x2  
  110  6:53  Roach  
  113  6:58  Roach x5  
  118  7:20  Roach x3  
  118  7:21  Roach x4  
  118  7:22  Zergling x2  
  129  7:29  Roach x2  
  128  7:35  Roach  
  128  7:36  Roach x4  
  130  7:42  Roach x3  
  130  7:43  Zergling x4  
  130  7:46  Roach x2  
  130  7:47  Roach  
  130  7:49  Zergling x4  
  123  7:54  Roach  
  123  7:56  Roach x2  
  116  8:17  Roach x2  
  116  8:18  Roach x4  
  120  8:34  Roach x6  
  118  8:36  Roach x3  
  118  8:38  Overlord  
  118  8:39  Extractor  
  118  8:40  Extractor  
  128  8:48  Roach  
  130  8:49  Overlord  
  130  8:58  Hydralisk x3  
  130  8:59  Hydralisk  
  130  9:00  Zergling x2  
  125  9:10  Roach  
  125  9:11  Roach  
  125  9:15  Roach x5  
  125  9:16  Drone x2  
  125  9:17  Drone x3  
  117  9:27  Roach  
  117  9:28  Roach x3  
  114  9:35  Roach  
  108  9:43  Roach x4  
  112  9:47  Drone x3  
  112  9:52  Drone x2, Queen  
  113  9:58  Drone x2, Muscular Augments  
  117  10:04  Roach  
  119  10:09  Roach  
  119  10:10  Roach  
  123  10:19  Roach x4  
  123  10:20  Roach x3  
  137  10:23  Roach  
  137  10:24  Roach  
  125  10:34  Roach  
  109  10:36  Roach x4  
  109  10:40  Roach  
  111  10:45  Roach x2  
  111  10:47  Roach  
  109  10:53  Zergling x6  
  109  10:55  Roach  
  114  10:58  Drone  
  114  10:59  Drone  
  114  11:03  Drone x2  
  114  11:12  Roach x2  
  114  11:13  Roach  
  114  11:15  Roach  
  114  11:18  Roach  
  112  11:21  Roach  
  110  11:27  Roach x4  
  110  11:30  Roach  
  112  11:33  Roach  
Tags
 
Add a new tag
Caveats
  • Supply blocks, unpowered buildings, or Contaminate may cause inaccurate times.
  • Supply counts are checked every 10 seconds.